 Dungeon Crawl Stone Soup version 0.31.0-11-ge490571c62 (webtiles) character file.

Game seed: 4484835122080572532

121 qw the Shooter (level 4, -4/23 HPs)
             Began as a Spriggan Hunter on Feb 4, 2024.
             Killed from afar by Dowan (8 damage)
             ... with a puff of flame
             ... on level 4 of the Dungeon.
             The game lasted 00:00:32 (2618 turns).

qw the Shooter (Spriggan Hunter)                    Turns: 2618, Time: 00:00:33

Health: -4/23      AC:  2    Str:  7    XL:     4   Next: 76%
Magic:  5/5        EV: 20    Int: 10    God:
Gold:   120        SH:  0    Dex: 20    Spells: 3/3 levels left

rFire   . . .        a - +0 shortbow
rCold   . . .        (shield currently unavailable)
rNeg    . . .        c - +0 robe
rPois   .            (helmet restricted)
rElec   .            (no cloak)
rCorr   .            (gloves unavailable)
SInv    +            (boots unavailable)
Will    .....        (no amulet)
Stlth   ++           (no ring)
HPRegen 0.23/turn    (no ring)
MPRegen 0.09/turn

%: no passive effects
@: lethally poisoned (-4 -> -8), very quick
A: very small, no large weapons, unfitting armour, see invisible, speed 3
a: no special abilities


You were on level 4 of the Dungeon.
You visited 1 branch of the dungeon, and saw 4 of its levels.

You collected 120 gold pieces.


Innate Abilities, Weirdness & Mutations

You are very small and have problems with some larger weapons.
You are too small for most types of armour.
You have supernaturally acute eyesight. (SInv)
You cover ground extremely quickly. (Speed+++)


   Skills:
 - Level 2.0 Fighting
 + Level 5.0 Ranged Weapons
 - Level 5.0 Dodging
 - Level 1.5 Stealth


You had 3 spell levels left.
You didn't know any spells.
Your spell library was empty.

Inventory:

Hand Weapons
 a - a +0 shortbow (weapon)
Armour
 c - a +0 robe (worn)
Jewellery
 i - an amulet of regeneration
 j - a ring of protection from cold
Wands
 h - a wand of digging (1)
Scrolls
 g - a scroll of blinking {unknown}
Potions
 b - a potion of enlightenment {unknown}
 d - a potion of brilliance {unknown}
 e - a potion of might
 f - a potion of lignification {unknown}
 k - a potion of curing {unknown}

Dungeon Overview and Level Annotations

Branches:
Dungeon (4/15)
 Temple: D:4-7

Altars:
Gozag
Uskayaw
Wu Jian
Zin

Annotations:
D:4 Dowan, Duvessa


Message History

There is a stone staircase leading up here.
Found a dagger.
i - an amulet of regeneration
j - a ring of protection from cold A hobgoblin comes into view.
The hobgoblin shouts!
You shoot an arrow. The arrow hits the hobgoblin!
You kill the hobgoblin!
You now have 120 gold pieces (gained 16).
k - a coppery potion Duvessa and Dowan come into view.
Dowan is wielding a +0 dagger of venom.
Duvessa shouts!
Dowan shouts!
Dowan casts a spell.
Dowan blinks!
You shoot an arrow. The arrow completely misses Duvessa.
Dowan points at you and mumbles some strange words.
The puff of frost hits you.
You shoot an arrow. The arrow hits Duvessa!
Duvessa is moderately wounded.
Dowan gestures at you while chanting. The puff of flame hits you.
You shoot an arrow.
The arrow hits Duvessa but does no damage.
Duvessa is moderately wounded.
Dowan smirks and points a slender finger.
Duvessa completely misses you.
You shoot an arrow. The arrow hits Duvessa.
Duvessa is moderately wounded.
Duvessa closely misses you.
You shoot an arrow. The arrow hits Duvessa.
Duvessa is heavily wounded.
Dowan hits you with a +0 dagger of venom.
You are poisoned.
Duvessa hits you with a +0 rapier!
You shoot an arrow. The arrow hits Duvessa.
Duvessa is heavily wounded.
You feel sick. Dowan gestures at you while chanting.
The puff of flame hits you!
You die...

.. #. # ##.
#. ########..
#..
##.........
#..
##..######..
#... ##..##
##.
#..######..##
#.
#..e@......#
#.
#..e.#######
#. #..### ##.
#.. #.. #.
#.. #. #.. #
#.. #.. #..


You could see Duvessa and Dowan.

Vanquished Creatures
  An orc priest (D:2)
  4 adders
  A ribbon worm (D:3)
  2 dart slugs
  2 orcs (D:2)
  6 bats
  5 endoplasms
  5 goblins
  3 hobgoblins
  2 quokkas
  6 ball pythons
  2 frilled lizards (D:2)
  4 kobolds
  5 rats
48 creatures vanquished.

Notes
Turn   | Place    | Note
-------+----------+-------------------------------------------
     0 | D:1      | qw the Spriggan Hunter began the quest for the Orb.
     0 | D:1      | Reached XP level 1. HP: 10/10 MP: 2/2
     0 | D:1      | 0 ||| qw: Version: 0.3-a-160-g6735b56
     0 | D:1      | 0 ||| qw: Game counter: 5660
     0 | D:1      | 0 ||| qw: Melee chars always use a shield: true
     0 | D:1      | 0 ||| qw: God list: Okawaru
     0 | D:1      | 0 ||| qw: Allow faded altars: false
     0 | D:1      | 0 ||| qw: Do Orc after clearing Dungeon:15 true
     0 | D:1      | 0 ||| qw: Do second Lair branch before Depths: true
     0 | D:1      | 0 ||| qw: Lair rune preference: random
     0 | D:1      | 0 ||| qw: Goals: Normal
     0 | D:1      | 0 ||| PLANNING D:1-11
    94 | D:1      | Reached skill level 3 in Dodging
   101 | D:1      | Found a faded altar of an unknown god.
   355 | D:1      | Reached XP level 2. HP: 14/14 MP: 3/3
   967 | D:1      | 967 ||| DROPPING scroll of butterflies.
   990 | D:2      | 990 ||| STAIRDANCE
  1136 | D:2      | Found a hide-covered altar of Uskayaw.
  1265 | D:2      | Reached XP level 3. HP: 18/18 MP: 4/4
  1814 | D:2      | 1814 ||| DRINKING 2 ruby potions.
  1831 | D:3      | 1831 ||| STAIRDANCE
  1831 | D:3      | HP: 1/18 [orc priest/divine providence (17)]
  1833 | D:2      | 1833 ||| DRINKING potion of heal wounds.
  1885 | D:3      | 1885 ||| STAIRDANCE
  1890 | D:2      | Reached XP level 4. HP: 22/22 MP: 5/5
  2366 | D:3      | Found an opulent altar of Gozag.
  2397 | D:3      | Found a glowing silver altar of Zin.
  2402 | D:3      | 2402 ||| READING scroll labelled EMPIG OLAPP.
  2442 | D:3      | 2442 ||| DRINKING 2 murky blue potions.
  2545 | D:4      | Found an ornate altar of the Wu Jian Council.
  2612 | D:4      | Noticed Duvessa
  2612 | D:4      | Noticed Dowan
  2617 | D:4      | HP: 5/23 [Duvessa/+0 rapier (11)]
  2618 | D:4      | Killed from afar by Dowan

Levels and vault maps discovered:
D:1:      matt_arrival_grand_opening, layout_basic,
          hellmonk_ecumenical_altar_arch_garden, chequers_decorated_corner
D:2:      layout_loops_corners, basic_altar, minmay_tree_intersection,
          kennysheep_cross_bottleneck, minmay_close_crescents
D:3:      layout_basic, pdpol_temple_overflow_zin_treasury_gozag_greed
D:4:      layout_layer_cave, nicolae_overflow_macrodata_refinement,
          minmay_temple_entry_proselytizer, uniq_duvessa

Skill      XL: |  1  2  3  4 |
---------------+-------------+-----
Dodging        | 3 4 5 |  5.0
Ranged Weapons | 5 |  5.0
Fighting       | 2 |  2.0
Stealth        | |  1.5

Action                     |  1- 3 |  4- 6 || total
---------------------------+-------+-------++-------
   Fire: Shortbow          |    74 |    33 ||   107
    Use: Potion            |     2 |     1 ||     3
         Scroll            |       |     1 ||     1
 Armour: Robe              |    13 |     5 ||    18
  Dodge: Dodged            |    38 |     2 ||    40

Table legend:
 A = Non-vault XP
 B = Vault XP
 C = Vault XP percentage of total XP
 D = Non-vault monster count
 E = Vault monster count
 F = Vault count percentage of total count
                 A         B        C        D         E       F
            +---------+---------+-------+---------+---------+-------
      Total |     165 |       8 |   4.6 |      44 |       4 |   8.3
            +---------+---------+-------+---------+---------+-------
        D:1 |      18 |       0 |   0.0 |      11 |       0 |   0.0
        D:2 |     105 |       8 |   7.1 |      17 |       4 |  19.0
        D:3 |      40 |       0 |   0.0 |      15 |       0 |   0.0
        D:4 |       2 |       0 |   0.0 |       1 |       0 |   0.0
            +---------+---------+-------+---------+---------+-------
